Flames vs Devils
(R1)
Created - February 26, 2021 at 19:02
Goals
|
| Flames |
2 |
0 |
2 |
4 |
| Devils |
1 |
0 |
1 |
2 |
|
Shots
|
| Flames |
14 |
14 |
10 |
38 |
| Devils |
4 |
9 |
19 |
32 |
|
1st period
1. Flames , Eric Staal 31 (Brad Marchand 25) at 5:59
2. Devils , Tyler Ennis 30 (Marian Gaborik 42, Nazem Kadri 47) at 6:13
3. Flames , Kyle Palmieri 7 (Anders Lee 7) at 13:02
Penalties :
Mike Weber (NJD) for Roughing (Minor) at 3:08, Colby Robak (Cal) for Hooking (Minor) at 8:29, Brad Richardson (NJD) for Roughing (Minor) at 10:46, Nazem Kadri (NJD) for Attempt to injure (Major / Game Misconduct) at 14:59
2nd period
No Goal
Penalties :
Brad Richards (NJD) for Tripping (Minor) at 5:26, Anton Stralman (NJD) for Holding (Minor) at 17:34
3rd period
4. Devils , Kristopher Letang 7 (Brad Richards 16) at 3:45
5. Flames , Sami Vatanen 6 (Alexander Semin 34) at 15:40 (PP)
6. Flames , Sami Vatanen 7 (Erik Johnson 22, Eric Staal 40) at 19:28 (Empty Net)
Penalties :
Brad Marchand (Cal) for Roughing (Double Minor) at 3:48, Mike Weber (NJD) for Hooking (Minor) at 8:52, Alexander Semin (Cal) for Boarding (Minor) at 9:57, Anton Stralman (NJD) for Holding (Minor) at 15:32
Goalie Stats
Christopher Gibson (Cal), 30 saves from 32 shots - (0.938), W, 4-6-0, 60:00 minutes
Maxime Daigneault (NJD), 34 saves from 37 shots - (0.919), L, 24-14-6, 59:18 minutes
Players Stats for Flames
Player Name G A P +/- PIM S H SB GA TA FO MP PP MP PK MP
------------------------------------------------------------------------------------
Alexander Radulov 0 0 0 -1 0 5 1 0 1 0 0/0 16:41 7:58 0:00
Alexander Semin 0 1 1 0 2 6 0 0 2 0 0/1 20:20 7:50 3:08
Anders Lee 0 1 1 0 0 0 1 0 0 1 3/6 7:29 0:21 0:00
Brad Marchand 0 1 1 1 4 1 5 1 0 0 0/0 18:41 4:58 0:29
Brendan Mikkelson 0 0 0 -1 0 0 1 1 0 1 0/0 9:51 0:18 0:31
Christian Folin 0 0 0 -1 0 1 0 1 0 0 0/0 9:48 0:18 0:17
Colby Robak 0 0 0 1 2 0 1 3 0 0 0/0 20:08 5:17 1:39
Colin Wilson 0 0 0 0 0 2 4 1 1 0 6/18 13:52 0:52 3:32
David Backes 0 0 0 2 0 2 0 0 0 0 4/4 17:00 0:47 3:25
David Ullstrom 0 0 0 0 0 2 0 0 0 0 0/0 8:22 1:10 0:01
Derek Meech 0 0 0 1 0 0 1 1 0 1 0/0 20:57 5:17 2:27
Eric Staal 1 1 2 2 0 6 5 1 0 0 20/33 21:06 8:02 0:01
Erik Johnson 0 1 1 1 0 1 0 1 0 0 0/0 29:43 8:33 4:36
Jimmy Hayes 0 0 0 0 0 1 3 1 1 0 0/1 14:22 4:52 0:00
Kyle Palmieri 1 0 1 0 0 2 0 0 0 0 0/0 6:42 0:00 0:00
Patrik Berglund 0 0 0 -1 0 2 0 0 0 0 6/13 17:07 4:58 3:25
Sami Vatanen 2 0 2 1 0 5 0 3 0 0 0/0 29:43 8:33 4:36
Steve Regier 0 0 0 0 0 2 1 1 1 1 0/0 10:08 0:35 0:05
Players Stats for Devils
Player Name G A P +/- PIM S H SB GA TA FO MP PP MP PK MP
------------------------------------------------------------------------------------
Anton Stralman 0 0 0 1 4 1 1 0 0 2 0/0 27:16 4:19 6:33
Brad Richards 0 1 1 0 2 6 1 1 0 0 16/23 19:23 2:52 2:10
Brad Richardson 0 0 0 0 2 1 0 1 0 0 0/1 7:14 0:23 0:00
Chris Stewart 0 0 0 0 0 1 0 0 0 0 0/1 12:49 2:32 0:00
Eric Tangradi 0 0 0 0 0 4 2 0 0 0 0/0 9:16 0:26 1:54
Jamie Arniel 0 0 0 0 0 0 3 0 2 0 8/17 17:41 2:18 4:55
Josh Gorges 0 0 0 0 0 0 1 1 0 0 0/0 23:26 2:44 7:56
Kristopher Letang 1 0 1 1 0 2 0 1 0 1 0/0 23:45 4:19 3:24
Marian Gaborik 0 1 1 0 0 4 2 1 0 0 1/1 15:53 3:27 0:00
Martin Samuelsson 0 0 0 -1 0 0 2 0 0 0 6/17 15:33 0:00 7:10
Michael Del Zotto 0 0 0 0 0 0 1 0 0 1 0/0 21:48 2:44 5:36
Mike Weber 0 0 0 -2 4 2 1 0 1 1 0/0 14:51 0:41 4:11
Nazem Kadri 0 1 1 0 15 0 0 0 0 0 4/9 4:23 1:03 0:00
Nick Bonino 0 0 0 0 0 3 1 0 0 0 1/2 7:25 0:00 0:10
Patrick Kaleta 0 0 0 -2 0 4 0 1 0 0 0/2 19:15 0:50 7:02
Thomas Hickey 0 0 0 -2 0 0 2 2 1 1 0/0 9:55 0:00 0:36
Tyler Ennis 1 0 1 0 0 2 0 0 0 0 1/2 16:58 4:05 0:00
Zach Parise 0 0 0 0 0 2 1 0 0 0 0/1 18:00 2:32 4:55
3 Stars
1 - Eric Staal (Cal)
2 - Sami Vatanen (Cal)
3 - Christopher Gibson (Cal)
Power Play
Flames - 1 on 7 Attempt(s) - 14.29%
Devils - 0 on 4 Attempt(s) - 0.00%
Penalty Kill
Flames - 4 on 4 Attempt(s) - 100.00%
- Score 0 goal in Penalty Kill
Devils - 6 on 7 Attempt(s) - 85.71%
- Score 0 goal in Penalty Kill
Team Stat
Flames - Hits : 23 - Faceoff Wins : 39 - Blocked Shots : 15 - Penalty Minutes : 8
Devils - Hits : 18 - Faceoff Wins : 37 - Blocked Shots : 8 - Penalty Minutes : 27
Official
Referees : Unknown
Linesman : Unknown
Game Notes
Nazem Kadri ejected from game at 14:59 of 1st period
Sami Vatanen has scored in a empty net!
Finance
Level 1 -- Attendance: 6000 (100.00%) -- Ticket Income $630,000
Level 2 -- Attendance: 5000 (100.00%) -- Ticket Income $325,000
Level 3 -- Attendance: 2000 (100.00%) -- Ticket Income $80,000
Level 4 -- Attendance: 3508 (87.70%) -- Ticket Income $105,240
Luxury Box -- Attendance: 977 (97.70%) -- Ticket Income $175,860
Game was played at the The Pack Center.
Total Attendance: 17485 (97.14%)
Total Ticket Income: $1,316,100
Other Income: $197,415
Total Income: $1,513,515
Flames
5 vs 5 Forward
Center Left Wing Right Wing Time % Phy DF OF
1 Eric Staal Brad Marchand David Backes 40 1 2 2
2 Patrik Berglund Alexander Semin Alexander Radulov 33 1 2 2
3 Colin Wilson Steve Regier Jimmy Hayes 19 1 2 2
4 Anders Lee David Ullstrom Kyle Palmieri 8 1 2 2
5 vs 5 Defense
Defense Defense Time % Phy DF OF
1 Erik Johnson Sami Vatanen 38 1 2 2
2 Derek Meech Colby Robak 29 2 2 1
3 Christian Folin Brendan Mikkelson 23 2 2 1
4 Derek Meech Colby Robak 10 2 2 1
PowerPlay Forward
Center Left Wing Right Wing Time % Phy DF OF
1 Eric Staal Alexander Semin Alexander Radulov 60 1 2 2
2 Patrik Berglund Brad Marchand Jimmy Hayes 40 1 2 2
PowerPlay Defense
Defense Defense Time % Phy DF OF
1 Erik Johnson Sami Vatanen 60 1 2 2
2 Derek Meech Colby Robak 40 1 2 2
Penalty Kill 4 Players Forward
Center Wing Time % Phy DF OF
1 Patrik Berglund David Backes 50 1 3 1
2 Colin Wilson Alexander Semin 50 1 3 1
Penalty Kill 4 Players Defense
Defense Defense Time % Phy DF OF
1 Erik Johnson Sami Vatanen 58 1 3 1
2 Derek Meech Colby Robak 42 1 3 1
Penalty Kill - 3 Players Forward
Forward Time % Phy DF OF
1 Eric Staal 50 1 4 0
2 Brad Marchand 50 1 4 0
Penalty Kill - 3 Players Defense
Defense Defense Time % Phy DF OF
1 Erik Johnson Sami Vatanen 58 1 4 0
2 Derek Meech Colby Robak 42 1 4 0
4 vs 4 Forward
Center Wing Time % Phy DF OF
1 Eric Staal Alexander Semin 60 2 2 1
2 Colin Wilson Brad Marchand 40 2 2 1
4 vs 4 Defense
Defense Defense Time % Phy DF OF
1 Erik Johnson Sami Vatanen 60 2 2 1
2 Derek Meech Colby Robak 40 2 2 1
Last Minutes Offensive
Center Left Wing Right Wing Defense Defense
Eric Staal Alexander Semin David Backes Erik Johnson Sami Vatanen
Last Minutes Defensive
Center Left Wing Right Wing Defense Defense
Eric Staal Alexander Semin David Backes Erik Johnson Sami Vatanen
Goaltenders
Starting : Christopher Gibson
Backup : Henrik Lundqvist
Extra Forwards
Normal : Brad Marchand, Alexander Semin, David Ullstrom - PP : David Ullstrom, Colin Wilson - PK : Brad Marchand
Extra Defensemen
Normal : Sami Vatanen, Derek Meech, Colby Robak - PP : Derek Meech - PK : Brendan Mikkelson, Christian Folin
Penalty Shots
Eric Staal, Alexander Semin, David Backes, Brad Marchand, Patrik Berglund
Scratches
None
Devils
5 vs 5 Forward
Center Left Wing Right Wing Time % Phy DF OF
1 Nazem Kadri Tyler Ennis Marian Gaborik 36 0 2 3
2 Jamie Arniel Zach Parise Chris Stewart 32 0 2 3
3 Brad Richards Martin Samuelsson Patrick Kaleta 22 0 2 3
4 Nick Bonino Eric Tangradi Brad Richardson 10 0 2 3
5 vs 5 Defense
Defense Defense Time % Phy DF OF
1 Kristopher Letang Anton Stralman 40 0 3 2
2 Michael Del Zotto Josh Gorges 35 0 3 2
3 Thomas Hickey Mike Weber 25 0 3 2
4 Kristopher Letang Anton Stralman 0 1 2 2
PowerPlay Forward
Center Left Wing Right Wing Time % Phy DF OF
1 Nazem Kadri Tyler Ennis Marian Gaborik 60 0 1 4
2 Brad Richards Zach Parise Chris Stewart 40 0 1 4
PowerPlay Defense
Defense Defense Time % Phy DF OF
1 Kristopher Letang Anton Stralman 60 0 1 4
2 Michael Del Zotto Josh Gorges 40 0 1 4
Penalty Kill 4 Players Forward
Center Wing Time % Phy DF OF
1 Martin Samuelsson Patrick Kaleta 60 1 3 1
2 Jamie Arniel Zach Parise 40 1 3 1
Penalty Kill 4 Players Defense
Defense Defense Time % Phy DF OF
1 Anton Stralman Josh Gorges 60 1 4 0
2 Michael Del Zotto Mike Weber 40 1 4 0
Penalty Kill - 3 Players Forward
Forward Time % Phy DF OF
1 Zach Parise 60 1 3 1
2 Brad Richards 40 1 3 1
Penalty Kill - 3 Players Defense
Defense Defense Time % Phy DF OF
1 Kristopher Letang Anton Stralman 60 1 4 0
2 Mike Weber Josh Gorges 40 1 4 0
4 vs 4 Forward
Center Wing Time % Phy DF OF
1 Nazem Kadri Tyler Ennis 60 0 2 3
2 Brad Richards Marian Gaborik 40 0 2 3
4 vs 4 Defense
Defense Defense Time % Phy DF OF
1 Kristopher Letang Anton Stralman 60 0 3 2
2 Michael Del Zotto Josh Gorges 40 0 3 2
Last Minutes Offensive
Center Left Wing Right Wing Defense Defense
Nazem Kadri Tyler Ennis Marian Gaborik Kristopher Letang Michael Del Zotto
Last Minutes Defensive
Center Left Wing Right Wing Defense Defense
Jamie Arniel Zach Parise Patrick Kaleta Josh Gorges Anton Stralman
Goaltenders
Starting : Maxime Daigneault
Backup : Thomas McCollum
Extra Forwards
Normal : Brad Richards, Patrick Kaleta, Martin Samuelsson - PP : Jamie Arniel, Patrick Kaleta - PK : Brad Richards
Extra Defensemen
Normal : Kristopher Letang, Mike Weber, Michael Del Zotto - PP : Michael Del Zotto - PK : Kristopher Letang, Anton Stralman
Penalty Shots
Marian Gaborik, Tyler Ennis, Nazem Kadri, Chris Stewart, Zach Parise
Scratches
Matt Donovan (Torn Left MCL Injury)
% Time on Ice - Flames
Lines # - Real PCT - Wanted PCT - Time Play
Normal Forward
1 - 34% - 40% - 12:37
2 - 23% - 33% - 8:41
3 - 25% - 19% - 9:17
4 - 18% - 8% - 6:42
Normal Defense
1 - 40% - 38% - 15:02
2 - 33% - 29% - 12:25
3 - 24% - 23% - 9:02
4 - 2% - 10% - 0:48
PP Forward
1 - 65% - 60% - 9:07
2 - 35% - 40% - 5:01
PP Defense
1 - 63% - 60% - 8:51
2 - 37% - 40% - 5:17
PK Forward
1 - 50% - 50% - 3:31
2 - 50% - 50% - 3:32
PK Defense
1 - 65% - 58% - 4:36
2 - 35% - 42% - 2:27
PK3 Forward
1 - 0% - 50%
2 - 0% - 50%
PK3 Defense
1 - 0% - 58%
2 - 0% - 42%
44 Forward
1 - 100% - 60% - 0:54
2 - 0% - 40% - 0:00
44 Defense
1 - 100% - 60% - 0:54
2 - 0% - 40% - 0:00
Last Minute Offensive - 0:00
Last Minute Defensive - 0:38
Total
Forward - 60:00
Defense - 60:00
|
% Time on Ice - Devils
Lines # - Real PCT - Wanted PCT - Time Play
Normal Forward
1 - 34% - 36% - 12:34
2 - 28% - 32% - 10:33
3 - 21% - 22% - 7:39
4 - 17% - 10% - 6:30
Normal Defense
1 - 42% - 40% - 15:30
2 - 35% - 35% - 13:06
3 - 23% - 25% - 8:40
4 - 0% - 0% - 0:00
PP Forward
1 - 64% - 60% - 4:31
2 - 36% - 40% - 2:32
PP Defense
1 - 61% - 60% - 4:19
2 - 39% - 40% - 2:44
PK Forward
1 - 65% - 60% - 9:13
2 - 35% - 40% - 4:55
PK Defense
1 - 60% - 60% - 8:32
2 - 40% - 40% - 5:36
PK3 Forward
1 - 0% - 60%
2 - 0% - 40%
PK3 Defense
1 - 0% - 60%
2 - 0% - 40%
44 Forward
1 - 100% - 60% - 0:54
2 - 0% - 40% - 0:00
44 Defense
1 - 59% - 60% - 0:32
2 - 41% - 40% - 0:22
Last Minute Offensive - 0:39
Last Minute Defensive - 0:00
Total
Forward - 60:00
Defense - 60:00
|
Play-by-Play
1st period
0:01 of 1st period - Eric Staal wins face-off versus Nazem Kadri in neutral zone.
0:15 of 1st period - Snap shot by Tyler Ennis.
0:15 of 1st period - Shot Misses the Net.
0:33 of 1st period - Off-side.
0:34 of 1st period - Patrik Berglund wins face-off versus Martin Samuelsson in neutral zone.
0:42 of 1st period - Snap shot by Patrik Berglund.
0:42 of 1st period - Deflect By Alexander Semin.
0:42 of 1st period - Shot Misses the Net.
0:42 of 1st period - Puck is out of play.
0:43 of 1st period - Jamie Arniel wins face-off versus Patrik Berglund in Devils zone.
1:10 of 1st period - Eric Tangradi is hit by Jimmy Hayes and loses puck.
1:39 of 1st period - Patrick Kaleta is hit by Colby Robak and loses puck.
2:22 of 1st period - Slapshot by Erik Johnson.
2:22 of 1st period - Shot Misses the Net.
2:24 of 1st period - Slapshot by Alexander Radulov.
2:24 of 1st period - Stopped by Maxime Daigneault without a rebound.
2:25 of 1st period - Colin Wilson wins face-off versus Jamie Arniel in Devils zone.
3:01 of 1st period - Slapshot by Marian Gaborik.
3:01 of 1st period - Deflect By Eric Staal.
3:01 of 1st period - Stopped by Christopher Gibson with a rebound.
3:08 of 1st period - Minor Penalty to Mike Weber for Roughing.
3:09 of 1st period - Martin Samuelsson wins face-off versus Eric Staal in Devils zone.
3:28 of 1st period - Patrick Kaleta is hit by Eric Staal and loses puck.
3:47 of 1st period - Snap shot by Jimmy Hayes.
3:47 of 1st period - Stopped by Maxime Daigneault without a rebound.
3:48 of 1st period - Martin Samuelsson wins face-off versus Alexander Semin in Devils zone.
4:29 of 1st period - Martin Samuelsson is hit by Eric Staal and loses puck.
5:08 of 1st period - Penalty to Mike Weber is over, Mike Weber is back on ice.
5:27 of 1st period - Wrist shot by Kyle Palmieri.
5:27 of 1st period - Stopped by Maxime Daigneault without a rebound.
5:28 of 1st period - Jamie Arniel wins face-off versus Colin Wilson in Devils zone.
5:37 of 1st period - Snap shot by Chris Stewart.
5:37 of 1st period - Deflect By Jamie Arniel.
5:37 of 1st period - Shot Blocked by Jimmy Hayes.
5:37 of 1st period - Puck is out of play.
5:38 of 1st period - Jamie Arniel wins face-off versus Colin Wilson in Flames zone.
5:51 of 1st period - Snap shot by Jamie Arniel.
5:51 of 1st period - Shot Misses the Net.
5:53 of 1st period - Snap shot by Jamie Arniel.
5:53 of 1st period - Deflect By Chris Stewart.
5:53 of 1st period - Shot Blocked by Steve Regier.
5:53 of 1st period - Puck is out of play.
5:54 of 1st period - Eric Staal wins face-off versus Brad Richards in Flames zone.
5:59 of 1st period - Snap shot by Eric Staal.
5:59 of 1st period - Deflect By Michael Del Zotto.
5:59 of 1st period - Goal by Eric Staal - Flames : 1 - Devils : 0.
6:00 of 1st period - Nazem Kadri wins face-off versus Patrik Berglund in neutral zone.
6:11 of 1st period - Wrist shot by Marian Gaborik.
6:11 of 1st period - Stopped by Christopher Gibson with a rebound.
6:13 of 1st period - Snap shot by Tyler Ennis.
6:13 of 1st period - Goal by Tyler Ennis - Flames : 1 - Devils : 1.
6:14 of 1st period - David Backes wins face-off versus Brad Richards in neutral zone.
6:33 of 1st period - David Backes is hit by Martin Samuelsson and loses puck.
7:06 of 1st period - Snap shot by Zach Parise.
7:06 of 1st period - Shot Misses the Net.
7:26 of 1st period - Kristopher Letang is hit by Derek Meech and loses puck.
7:34 of 1st period - Icing by Anton Stralman.
7:35 of 1st period - David Backes wins face-off versus Nazem Kadri in Devils zone.
7:36 of 1st period - Wrist shot by Eric Staal.
7:36 of 1st period - Stopped by Maxime Daigneault without a rebound.
7:37 of 1st period - Jamie Arniel wins face-off versus Eric Staal in Devils zone.
8:03 of 1st period - Icing by Brad Marchand.
8:04 of 1st period - Brad Richards wins face-off versus Patrik Berglund in Flames zone.
8:17 of 1st period - Snap shot by Alexander Radulov.
8:17 of 1st period - Stopped by Maxime Daigneault with a rebound.
8:19 of 1st period - Slapshot by Christian Folin.
8:19 of 1st period - Shot Blocked by Thomas Hickey.
8:21 of 1st period - Slapshot by Alexander Semin.
8:21 of 1st period - Stopped by Maxime Daigneault without a rebound.
8:22 of 1st period - Nazem Kadri wins face-off versus Eric Staal in Devils zone.
8:22 of 1st period - Nazem Kadri is hit by Brad Marchand.
8:29 of 1st period - Minor Penalty to Colby Robak for Hooking.
8:30 of 1st period - Nazem Kadri wins face-off versus Patrik Berglund in Flames zone.
10:29 of 1st period - Penalty to Colby Robak is over, Colby Robak is back on ice.
10:39 of 1st period - Slapshot by Brad Marchand.
10:39 of 1st period - Stopped by Maxime Daigneault without a rebound.
10:40 of 1st period - Nick Bonino wins face-off versus Anders Lee in Devils zone.
10:46 of 1st period - Minor Penalty to Brad Richardson for Roughing.
10:47 of 1st period - Eric Staal wins face-off versus Martin Samuelsson in Devils zone.
10:48 of 1st period - Snap shot by Alexander Radulov.
10:48 of 1st period - Stopped by Maxime Daigneault without a rebound.
10:49 of 1st period - Martin Samuelsson wins face-off versus Eric Staal in Devils zone.
11:00 of 1st period - Slapshot by Sami Vatanen.
11:00 of 1st period - Shot Misses the Net.
11:02 of 1st period - Wrist shot by Erik Johnson.
11:02 of 1st period - Stopped by Maxime Daigneault without a rebound.
11:03 of 1st period - Eric Staal wins face-off versus Martin Samuelsson in Devils zone.
11:04 of 1st period - Snap shot by Alexander Radulov.
11:04 of 1st period - Stopped by Maxime Daigneault without a rebound.
11:05 of 1st period - Eric Staal wins face-off versus Martin Samuelsson in Devils zone.
11:43 of 1st period - Zach Parise is hit by Jimmy Hayes and loses puck.
12:16 of 1st period - Alexander Radulov is hit by Michael Del Zotto and loses puck.
12:45 of 1st period - Snap shot by Eric Tangradi.
12:45 of 1st period - Shot Blocked by Brad Marchand.
12:46 of 1st period - Penalty to Brad Richardson is over, Brad Richardson is back on ice.
12:58 of 1st period - Off-side.
12:59 of 1st period - Anders Lee wins face-off versus Nazem Kadri in neutral zone.
13:02 of 1st period - Snap shot by Kyle Palmieri.
13:02 of 1st period - Goal by Kyle Palmieri - Flames : 2 - Devils : 1.
13:03 of 1st period - Eric Staal wins face-off versus Nazem Kadri in neutral zone.
13:08 of 1st period - Tyler Ennis is hit by Brad Marchand and loses puck.
13:41 of 1st period - Off-side.
13:42 of 1st period - Eric Staal wins face-off versus Nazem Kadri in neutral zone.
13:59 of 1st period - Kristopher Letang is hit by Brad Marchand and loses puck.
14:10 of 1st period - Slapshot by Anton Stralman.
14:10 of 1st period - Deflect By Zach Parise.
14:10 of 1st period - Stopped by Christopher Gibson without a rebound.
14:11 of 1st period - Jamie Arniel wins face-off versus Patrik Berglund in Flames zone.
14:50 of 1st period - Slapshot by Alexander Semin.
14:50 of 1st period - Stopped by Maxime Daigneault with a rebound.
14:52 of 1st period - Wrist shot by Alexander Semin.
14:52 of 1st period - Shot Misses the Net.
14:56 of 1st period - Snap shot by Patrik Berglund.
14:56 of 1st period - Stopped by Maxime Daigneault without a rebound.
14:57 of 1st period - Nazem Kadri wins face-off versus Eric Staal in Devils zone.
14:59 of 1st period - Major / Game Misconduct Penalty to Nazem Kadri for Attempt to injure.
14:59 of 1st period - Nazem Kadri is ejected from game.
15:00 of 1st period - Eric Staal wins face-off versus Martin Samuelsson in Devils zone.
15:41 of 1st period - Jamie Arniel is hit by Eric Staal and loses puck.
16:38 of 1st period - Zach Parise is hit by Eric Staal and loses puck.
17:51 of 1st period - Thomas Hickey is hit by Colin Wilson and loses puck.
18:40 of 1st period - Alexander Semin is hit by Mike Weber and loses puck.
19:46 of 1st period - Icing by Derek Meech.
19:47 of 1st period - Eric Staal wins face-off versus Jamie Arniel in Flames zone.
19:59 of 1st period - Penalty to Nazem Kadri is over, Brad Richards is send on ice.
Goals for this period are 2 for Flames vs 1 for Devils.
Shots for this period are 14 for Flames vs 4 for Devils.
2nd period
0:01 of 2nd period - David Backes wins face-off versus Brad Richards in neutral zone.
0:09 of 2nd period - Icing by Anton Stralman.
0:10 of 2nd period - Brad Richards wins face-off versus Eric Staal in Devils zone.
0:35 of 2nd period - Kristopher Letang is hit by Brad Marchand and loses puck.
0:50 of 2nd period - Snap shot by David Backes.
0:50 of 2nd period - Stopped by Maxime Daigneault without a rebound.
0:51 of 2nd period - Patrik Berglund wins face-off versus Zach Parise in Devils zone.
0:54 of 2nd period - Wrist shot by Patrik Berglund.
0:54 of 2nd period - Shot Misses the Net.
1:32 of 2nd period - Chris Stewart is hit by Anders Lee.
2:02 of 2nd period - Brad Marchand is hit by Josh Gorges.
2:22 of 2nd period - Snap shot by Brad Richardson.
2:22 of 2nd period - Stopped by Christopher Gibson with a rebound.
2:57 of 2nd period - Anton Stralman is hit by Brendan Mikkelson and loses puck.
3:28 of 2nd period - Mike Weber is hit by Alexander Radulov and loses puck.
3:51 of 2nd period - Snap shot by Steve Regier.
3:51 of 2nd period - Stopped by Maxime Daigneault without a rebound.
3:52 of 2nd period - Brad Richards wins face-off versus Colin Wilson in Devils zone.
4:17 of 2nd period - Snap shot by David Backes.
4:17 of 2nd period - Deflect By Eric Staal.
4:17 of 2nd period - Stopped by Maxime Daigneault with a rebound.
4:31 of 2nd period - Wrist shot by Eric Tangradi.
4:31 of 2nd period - Stopped by Christopher Gibson without a rebound.
4:32 of 2nd period - Patrik Berglund wins face-off versus Brad Richards in Flames zone.
5:04 of 2nd period - Sami Vatanen is hit by Jamie Arniel and loses puck.
5:21 of 2nd period - Snap shot by Erik Johnson.
5:21 of 2nd period - Shot Misses the Net.
5:23 of 2nd period - Snap shot by Colin Wilson.
5:23 of 2nd period - Deflect By Steve Regier.
5:23 of 2nd period - Deflect By Kristopher Letang.
5:23 of 2nd period - Stopped by Maxime Daigneault without a rebound.
5:24 of 2nd period - Brad Richards wins face-off versus Eric Staal in Devils zone.
5:26 of 2nd period - Minor Penalty to Brad Richards for Tripping.
5:27 of 2nd period - Martin Samuelsson wins face-off versus Eric Staal in Devils zone.
5:31 of 2nd period - Alexander Semin is hit by Anton Stralman and loses puck.
5:45 of 2nd period - Off-side.
5:46 of 2nd period - Jamie Arniel wins face-off versus Patrik Berglund in neutral zone.
5:57 of 2nd period - Snap shot by Sami Vatanen.
5:57 of 2nd period - Stopped by Maxime Daigneault without a rebound.
5:58 of 2nd period - Eric Staal wins face-off versus Martin Samuelsson in Devils zone.
6:01 of 2nd period - Snap shot by Alexander Semin.
6:01 of 2nd period - Shot Blocked by Patrick Kaleta.
6:03 of 2nd period - Wrist shot by Erik Johnson.
6:03 of 2nd period - Shot Blocked by Josh Gorges.
6:05 of 2nd period - Slapshot by Sami Vatanen.
6:05 of 2nd period - Stopped by Maxime Daigneault with a rebound.
6:07 of 2nd period - Slapshot by Alexander Semin.
6:07 of 2nd period - Stopped by Maxime Daigneault without a rebound.
6:08 of 2nd period - Eric Staal wins face-off versus Martin Samuelsson in Devils zone.
7:26 of 2nd period - Penalty to Brad Richards is over, Brad Richards is back on ice.
7:41 of 2nd period - Wrist shot by Eric Staal.
7:41 of 2nd period - Stopped by Maxime Daigneault without a rebound.
7:42 of 2nd period - Colin Wilson wins face-off versus Brad Richards in Devils zone.
8:14 of 2nd period - Wrist shot by Michael Del Zotto.
8:14 of 2nd period - Shot Blocked by Colby Robak.
8:28 of 2nd period - Christian Folin is hit by Martin Samuelsson and loses puck.
9:11 of 2nd period - Backhand shot by Mike Weber.
9:11 of 2nd period - Shot Blocked by Christian Folin.
9:13 of 2nd period - Snap shot by Eric Tangradi.
9:13 of 2nd period - Shot Blocked by Brendan Mikkelson.
9:15 of 2nd period - Slapshot by Mike Weber.
9:15 of 2nd period - Shot Misses the Net.
10:02 of 2nd period - Slapshot by Kristopher Letang.
10:02 of 2nd period - Stopped by Christopher Gibson with a rebound.
10:04 of 2nd period - Slapshot by Anton Stralman.
10:04 of 2nd period - Shot Misses the Net.
10:06 of 2nd period - Slapshot by Brad Richardson.
10:06 of 2nd period - Shot Blocked by Derek Meech.
10:34 of 2nd period - Eric Staal is hit by Zach Parise and loses puck.
10:51 of 2nd period - Martin Samuelsson is hit by Jimmy Hayes and loses puck.
11:07 of 2nd period - Wrist shot by Nick Bonino.
11:07 of 2nd period - Stopped by Christopher Gibson with a rebound.
11:09 of 2nd period - Slapshot by Mike Weber.
11:09 of 2nd period - Stopped by Christopher Gibson without a rebound.
11:10 of 2nd period - Colin Wilson wins face-off versus Brad Richards in Flames zone.
11:17 of 2nd period - Slapshot by Josh Gorges.
11:17 of 2nd period - Deflect By Brad Richards.
11:17 of 2nd period - Stopped by Christopher Gibson without a rebound.
11:18 of 2nd period - Martin Samuelsson wins face-off versus Jimmy Hayes in Flames zone.
11:45 of 2nd period - Alexander Radulov is hit by Marian Gaborik and loses puck.
12:00 of 2nd period - Slapshot by Anton Stralman.
12:00 of 2nd period - Shot Misses the Net.
12:02 of 2nd period - Snap shot by Eric Tangradi.
12:02 of 2nd period - Stopped by Christopher Gibson with a rebound.
12:04 of 2nd period - Wrist shot by Nick Bonino.
12:04 of 2nd period - Stopped by Christopher Gibson with a rebound.
12:06 of 2nd period - Snap shot by Eric Tangradi.
12:06 of 2nd period - Deflect By Brad Marchand.
12:06 of 2nd period - Shot Blocked by Erik Johnson.
12:06 of 2nd period - Puck is out of play.
12:07 of 2nd period - Marian Gaborik wins face-off versus Eric Staal in Flames zone.
12:30 of 2nd period - Wrist shot by Alexander Radulov.
12:30 of 2nd period - Deflect By Alexander Semin.
12:30 of 2nd period - Stopped by Maxime Daigneault with a rebound.
12:36 of 2nd period - Slapshot by Patrik Berglund.
12:36 of 2nd period - Stopped by Maxime Daigneault with a rebound.
12:38 of 2nd period - Wrist shot by Alexander Radulov.
12:38 of 2nd period - Stopped by Maxime Daigneault with a rebound.
13:18 of 2nd period - Wrist shot by Marian Gaborik.
13:18 of 2nd period - Stopped by Christopher Gibson with a rebound.
14:24 of 2nd period - Eric Staal is hit by Thomas Hickey and loses puck.
15:07 of 2nd period - Slapshot by Alexander Semin.
15:07 of 2nd period - Stopped by Maxime Daigneault with a rebound.
15:27 of 2nd period - Eric Tangradi is hit by Colin Wilson and loses puck.
16:54 of 2nd period - Erik Johnson is hit by Jamie Arniel.
17:34 of 2nd period - Minor Penalty to Anton Stralman for Holding.
17:35 of 2nd period - Eric Staal wins face-off versus Martin Samuelsson in Devils zone.
17:36 of 2nd period - Slapshot by Alexander Semin.
17:36 of 2nd period - Stopped by Maxime Daigneault without a rebound.
17:37 of 2nd period - Eric Staal wins face-off versus Martin Samuelsson in Devils zone.
17:50 of 2nd period - Backhand shot by Eric Staal.
17:50 of 2nd period - Stopped by Maxime Daigneault with a rebound.
19:34 of 2nd period - Penalty to Anton Stralman is over, Anton Stralman is back on ice.
Goals for this period are 0 for Flames vs 0 for Devils.
Shots for this period are 14 for Flames vs 9 for Devils.
3rd period
0:01 of 3rd period - Jamie Arniel wins face-off versus Eric Staal in neutral zone.
0:10 of 3rd period - Slapshot by Zach Parise.
0:10 of 3rd period - Shot Misses the Net.
0:29 of 3rd period - Off-side.
0:30 of 3rd period - Brad Richards wins face-off versus Patrik Berglund in neutral zone.
0:33 of 3rd period - Alexander Radulov is hit by Brad Richards and loses puck.
1:56 of 3rd period - Alexander Semin is hit by Eric Tangradi and loses puck.
2:33 of 3rd period - Snap shot by Marian Gaborik.
2:33 of 3rd period - Shot Blocked by Colby Robak.
2:35 of 3rd period - Snap shot by Patrick Kaleta.
2:35 of 3rd period - Stopped by Christopher Gibson with a rebound.
2:37 of 3rd period - Slapshot by Mike Weber.
2:37 of 3rd period - Stopped by Christopher Gibson with a rebound.
3:23 of 3rd period - Chris Stewart is hit by Eric Staal and loses puck.
3:33 of 3rd period - Off-side.
3:34 of 3rd period - Brad Richards wins face-off versus Anders Lee in neutral zone.
3:45 of 3rd period - Slapshot by Kristopher Letang.
3:45 of 3rd period - Goal by Kristopher Letang - Flames : 2 - Devils : 2.
3:46 of 3rd period - Eric Staal wins face-off versus Patrick Kaleta in neutral zone.
3:48 of 3rd period - Double Minor Penalty to Brad Marchand for Roughing.
3:49 of 3rd period - Colin Wilson wins face-off versus Jamie Arniel in Flames zone.
4:00 of 3rd period - Wrist shot by Colin Wilson.
4:00 of 3rd period - Stopped by Maxime Daigneault without a rebound.
4:01 of 3rd period - Patrik Berglund wins face-off versus Jamie Arniel in Devils zone.
4:37 of 3rd period - Slapshot by Kristopher Letang.
4:37 of 3rd period - Shot Misses the Net.
4:39 of 3rd period - Wrist shot by Chris Stewart.
4:39 of 3rd period - Shot Blocked by Colin Wilson.
5:44 of 3rd period - Alexander Semin is hit by Eric Tangradi.
5:50 of 3rd period - Snap shot by Eric Tangradi.
5:50 of 3rd period - Stopped by Christopher Gibson without a rebound.
5:51 of 3rd period - Patrik Berglund wins face-off versus Brad Richardson in Flames zone.
6:00 of 3rd period - Snap shot by Eric Tangradi.
6:00 of 3rd period - Stopped by Christopher Gibson without a rebound.
6:01 of 3rd period - Patrik Berglund wins face-off versus Jamie Arniel in Flames zone.
6:22 of 3rd period - Derek Meech is hit by Jamie Arniel.
6:32 of 3rd period - Slapshot by Anton Stralman.
6:32 of 3rd period - Deflect By Tyler Ennis.
6:32 of 3rd period - Shot Misses the Net.
6:32 of 3rd period - Puck is out of play.
6:33 of 3rd period - Brad Richards wins face-off versus Colin Wilson in Flames zone.
6:46 of 3rd period - Slapshot by Brad Richards.
6:46 of 3rd period - Stopped by Christopher Gibson without a rebound.
6:47 of 3rd period - David Backes wins face-off versus Jamie Arniel in Flames zone.
6:47 of 3rd period - David Backes is hit by Marian Gaborik.
7:25 of 3rd period - Snap shot by Chris Stewart.
7:25 of 3rd period - Stopped by Christopher Gibson with a rebound.
7:27 of 3rd period - Snap shot by Anton Stralman.
7:27 of 3rd period - Shot Blocked by Sami Vatanen.
7:48 of 3rd period - Penalty to Brad Marchand is over, Brad Marchand is back on ice.
8:07 of 3rd period - Snap shot by David Ullstrom.
8:07 of 3rd period - Stopped by Maxime Daigneault without a rebound.
8:08 of 3rd period - Eric Staal wins face-off versus Brad Richards in Devils zone.
8:17 of 3rd period - Wrist shot by Patrick Kaleta.
8:17 of 3rd period - Stopped by Christopher Gibson without a rebound.
8:18 of 3rd period - Eric Staal wins face-off versus Martin Samuelsson in Flames zone.
8:18 of 3rd period - Eric Staal is hit by Thomas Hickey.
8:52 of 3rd period - Minor Penalty to Mike Weber for Hooking.
8:53 of 3rd period - Eric Staal wins face-off versus Martin Samuelsson in Devils zone.
9:57 of 3rd period - Minor Penalty to Alexander Semin for Boarding.
9:58 of 3rd period - Brad Richards wins face-off versus Eric Staal in Flames zone.
10:05 of 3rd period - Wrist shot by Tyler Ennis.
10:05 of 3rd period - Shot Blocked by Sami Vatanen.
10:21 of 3rd period - Wrist shot by Tyler Ennis.
10:21 of 3rd period - Shot Misses the Net.
10:23 of 3rd period - Slapshot by Michael Del Zotto.
10:23 of 3rd period - Shot Misses the Net.
10:52 of 3rd period - Penalty to Mike Weber is over, Mike Weber is back on ice.
11:32 of 3rd period - Wrist shot by Brad Richards.
11:32 of 3rd period - Stopped by Christopher Gibson without a rebound.
11:33 of 3rd period - Colin Wilson wins face-off versus Chris Stewart in Flames zone.
11:57 of 3rd period - Penalty to Alexander Semin is over, Alexander Semin is back on ice.
12:07 of 3rd period - Off-side.
12:08 of 3rd period - Anders Lee wins face-off versus Jamie Arniel in neutral zone.
13:01 of 3rd period - Snap shot by Brad Marchand.
13:01 of 3rd period - Shot Blocked by Kristopher Letang.
13:03 of 3rd period - Snap shot by David Backes.
13:03 of 3rd period - Shot Misses the Net.
13:05 of 3rd period - Snap shot by Christian Folin.
13:05 of 3rd period - Stopped by Maxime Daigneault with a rebound.
13:07 of 3rd period - Wrist shot by David Backes.
13:07 of 3rd period - Stopped by Maxime Daigneault with a rebound.
13:09 of 3rd period - Snap shot by Brad Marchand.
13:09 of 3rd period - Shot Blocked by Brad Richardson.
13:25 of 3rd period - Snap shot by Marian Gaborik.
13:25 of 3rd period - Shot Blocked by Colby Robak.
13:45 of 3rd period - Snap shot by Zach Parise.
13:45 of 3rd period - Stopped by Christopher Gibson with a rebound.
13:59 of 3rd period - Slapshot by Marian Gaborik.
13:59 of 3rd period - Shot Misses the Net.
14:15 of 3rd period - Alexander Radulov is hit by Nick Bonino and loses puck.
14:28 of 3rd period - Josh Gorges is hit by Colin Wilson and loses puck.
14:40 of 3rd period - Off-side.
14:41 of 3rd period - Anders Lee wins face-off versus Jamie Arniel in neutral zone.
14:43 of 3rd period - Off-side.
14:44 of 3rd period - Jamie Arniel wins face-off versus Anders Lee in neutral zone.
15:03 of 3rd period - Snap shot by David Ullstrom.
15:03 of 3rd period - Stopped by Maxime Daigneault without a rebound.
15:04 of 3rd period - Colin Wilson wins face-off versus Patrick Kaleta in Devils zone.
15:07 of 3rd period - Snap shot by Steve Regier.
15:07 of 3rd period - Shot Misses the Net.
15:09 of 3rd period - Snap shot by Sami Vatanen.
15:09 of 3rd period - Stopped by Maxime Daigneault without a rebound.
15:10 of 3rd period - Brad Richards wins face-off versus Colin Wilson in Devils zone.
15:10 of 3rd period - Brad Richards is hit by Steve Regier.
15:32 of 3rd period - Minor Penalty to Anton Stralman for Holding.
15:33 of 3rd period - Martin Samuelsson wins face-off versus Eric Staal in Devils zone.
15:40 of 3rd period - Slapshot by Sami Vatanen.
15:40 of 3rd period - Goal by Sami Vatanen - Flames : 3 - Devils : 2.
15:41 of 3rd period - Brad Richards wins face-off versus Colin Wilson in neutral zone.
15:44 of 3rd period - Slapshot by Anton Stralman.
15:44 of 3rd period - Deflect By Brad Richards.
15:44 of 3rd period - Stopped by Christopher Gibson without a rebound.
15:45 of 3rd period - Brad Richards wins face-off versus Colin Wilson in Flames zone.
15:49 of 3rd period - Icing by Colin Wilson.
15:50 of 3rd period - Brad Richards wins face-off versus Colin Wilson in Flames zone.
15:53 of 3rd period - Slapshot by Brad Richards.
15:53 of 3rd period - Shot Misses the Net.
16:12 of 3rd period - Kristopher Letang is hit by Colin Wilson and loses puck.
16:43 of 3rd period - Wrist shot by Colin Wilson.
16:43 of 3rd period - Stopped by Maxime Daigneault without a rebound.
16:44 of 3rd period - Eric Staal wins face-off versus Tyler Ennis in Devils zone.
16:50 of 3rd period - Off-side.
16:51 of 3rd period - Eric Staal wins face-off versus Nick Bonino in neutral zone.
16:55 of 3rd period - Icing by Marian Gaborik.
16:56 of 3rd period - Tyler Ennis wins face-off versus Eric Staal in Devils zone.
17:01 of 3rd period - Snap shot by Nick Bonino.
17:01 of 3rd period - Shot Blocked by Sami Vatanen.
17:03 of 3rd period - Slapshot by Tyler Ennis.
17:03 of 3rd period - Stopped by Christopher Gibson with a rebound.
17:05 of 3rd period - Slapshot by Marian Gaborik.
17:05 of 3rd period - Shot Blocked by Eric Staal.
17:07 of 3rd period - Wrist shot by Nick Bonino.
17:07 of 3rd period - Stopped by Christopher Gibson without a rebound.
17:08 of 3rd period - Brad Richards wins face-off versus Colin Wilson in Flames zone.
17:09 of 3rd period - Wrist shot by Patrick Kaleta.
17:09 of 3rd period - Stopped by Christopher Gibson without a rebound.
17:10 of 3rd period - Brad Richards wins face-off versus Colin Wilson in Flames zone.
17:11 of 3rd period - Wrist shot by Patrick Kaleta.
17:11 of 3rd period - Stopped by Christopher Gibson with a rebound.
17:13 of 3rd period - Snap shot by Anton Stralman.
17:13 of 3rd period - Stopped by Christopher Gibson with a rebound.
17:17 of 3rd period - Snap shot by Brad Richards.
17:17 of 3rd period - Shot Misses the Net.
17:19 of 3rd period - Slapshot by Brad Richards.
17:19 of 3rd period - Stopped by Christopher Gibson without a rebound.
17:20 of 3rd period - Brad Richards wins face-off versus Colin Wilson in Flames zone.
17:51 of 3rd period - Off-side.
17:52 of 3rd period - Eric Staal wins face-off versus Jamie Arniel in neutral zone.
17:55 of 3rd period - Josh Gorges is hit by Brad Marchand and loses puck.
18:06 of 3rd period - Snap shot by Brad Marchand.
18:06 of 3rd period - Deflect By Eric Staal.
18:06 of 3rd period - Stopped by Maxime Daigneault with a rebound.
18:28 of 3rd period - Wrist shot by Jimmy Hayes.
18:28 of 3rd period - Shot Misses the Net.
18:30 of 3rd period - Wrist shot by Jimmy Hayes.
18:30 of 3rd period - Shot Misses the Net.
18:32 of 3rd period - Snap shot by Colin Wilson.
18:32 of 3rd period - Shot Blocked by Brad Richards.
18:42 of 3rd period - Snap shot by Brad Richards.
18:42 of 3rd period - Stopped by Christopher Gibson with a rebound.
18:46 of 3rd period - Devils, Maxime Daigneault is pulled from the net.
18:46 of 3rd period - Wrist shot by Marian Gaborik.
18:46 of 3rd period - Stopped by Christopher Gibson with a rebound.
19:20 of 3rd period - Wrist shot by David Backes.
19:20 of 3rd period - Shot Blocked by Marian Gaborik.
19:22 of 3rd period - Wrist shot by Sami Vatanen.
19:22 of 3rd period - Shot Misses the Net.
19:24 of 3rd period - Snap shot by Eric Staal.
19:24 of 3rd period - Shot Blocked by Thomas Hickey.
19:26 of 3rd period - Snap shot by Erik Johnson.
19:26 of 3rd period - Shot Misses the Net.
19:28 of 3rd period - Snap shot by Sami Vatanen.
19:28 of 3rd period - Goal by Sami Vatanen - Flames : 4 - Devils : 2.
19:28 of 3rd period - Maxime Daigneault from Devils was sent back in the game.
19:29 of 3rd period - Brad Richards wins face-off versus Colin Wilson in neutral zone.
Goals for this period are 2 for Flames vs 1 for Devils.
Shots for this period are 10 for Flames vs 19 for Devils.